[Event "Late-Titled-Tuesday-Blitz-May-07-2024"]
[Site "Chess.com"]
[Date "2024.05.07"]
[Round "6"]
[White "Durarbayli"]
[Black "SRob2003"]
[Result "1-0"]
[WhiteElo "2942"]
[BlackElo "2687"]
[TimeControl "180+1"]
[EndTime "15:06:21 PDT"]
[Termination "Durarbayli won on time"]

1. e4 c5 2. Nf3 d6 3. d4 cxd4 4. Nxd4 Nf6 5. Nc3 a6 6. h4 e5 7. Nb3 Be6 8. f4 exf4 9. Bxf4 Nc6 10. Qd2 Be7 11. O-O-O Ne5 12. Nd4 Qc7 13. Nf5 Bxf5 14. exf5 Rc8 15. h5 h6 16. Rh3 b5 17. a3 O-O 18. Bxh6 gxh6 19. Qxh6 Neg4 20. Rg3 d5 21. Qe3 Kh7 22. Qf3 Nh2 23. Qd3 d4 24. Nd5 Nxd5 25.
f6+ Kh8 26. fxe7 Qxe7 27. Qxd4+ Nf6 28. Bd3 Rfd8 29. Qf4 Qd6 30. Qh6+ 1-0

[Event "Late-Titled-Tuesday-Blitz-May-07-2024"]
[Site "Chess.com"]
[Date "2024.05.07"]
[Round "6"]
[White "schondeln"]
[Black "Balla_Tamas"]
[Result "0-1"]
[WhiteElo "2358"]
[BlackElo "2527"]
[TimeControl "180+1"]
[EndTime "15:06:21 PDT"]
[Termination "Balla_Tamas won by checkmate"]

1. e4 c5 2. Nf3 Nc6 3. Bb5 Nf6 4.
e5 Nd5 5. Nc3 Nc7 6. Bd3 g6 7.
O-O Bg7 8. Re1 Ne6 9. Bb5 O-O 10. d3 Ncd4 11. Bc4 a6 12. a4 b6 13. Bd5 Rb8 14. Nxd4 Nxd4 15. Bf4 e6 16. Be4 b5 17. axb5 axb5 18.
Ne2 d5 19. Nxd4 cxd4 20. Bf3 Bb7 21. Qd2 Qb6 22. Qa5 Qc6 23. Rec1 Ra8 24. Qd2 Qc7 25. Qb4 Rxa1 26. Rxa1 Bxe5 27. Bxe5 Qxe5 28. Qxb5 Rb8 29. Qb4 Bc6 30. Qc5 Be8 31. b3 h5 32. h3 Kg7 33.
Ra4 Bxa4 34. bxa4 Rb1+ 35. Bd1 Rxd1# 0-1

[Event "Late-Titled-Tuesday-Blitz-May-07-2024"]
[Site "Chess.com"]
[Date "2024.05.07"]
[Round "6"]
[White "Lennis93"]
[Black "Blackmind96"]
[Result "1/2-1/2"]
[WhiteElo "2737"]
[BlackElo "2891"]
[TimeControl "180+1"]
[EndTime "15:06:24 PDT"]
[Termination "Game drawn by repetition"]

1. d4 Nf6 2. Nf3 e6 3. c4 Bb4+ 4. Bd2 Qe7 5. Qc2 Bxd2+ 6. Nbxd2 d6 7. e4 e5 8. d5 a5 9. h3 Na6 10. a3 O-O 11. Be2 Bd7 12. O-O a4 13. Nb1 Nc5 14. Nc3 Nh5 15. Rae1 Nf4 16. Kh2 f5 17. exf5 Bxf5 18. Qd1 Rf6 19. Ng1 Raf8 20. Nxa4 Nxa4 21. Qxa4 Rg6 22. g3 Bxh3 23. Nxh3 Rh6 24. gxf4 Rxf4 25.
Qb3 Rfh4 26. Rg1 Qf6 27. Ref1 Qf4+ 28. Kg2 Rxh3 29. Qxh3 Rxh3 30. Kxh3 Qh6+ 31. Kg2 Qg5+ 32. Kh3 Qh6+ 33. Kg3 Qf4+ 34. Kg2 Qg5+ 35. Kh2 Qh4+ 36. Kg2 Qg5+ 1/2-1/2

[Event "Late-Titled-Tuesday-Blitz-May-07-2024"]
[Site "Chess.com"]
[Date "2024.05.07"]
[Round "6"]
[White "GMKrikor"]
[Black "Tibmat"]
[Result "1-0"]
[WhiteElo "2840"]
[BlackElo "2678"]
[TimeControl "180+1"]
[EndTime "15:06:24 PDT"]
[Termination "GMKrikor won on time"]

1. Nf3 Nf6 2. c4 b6 3. Nc3 Bb7 4. d4 e6 5. e3 d5 6. cxd5 exd5 7. Bb5+ c6 8. Bd3 Bd6 9. O-O O-O 10. e4 dxe4 11.
Nxe4 Nxe4 12. Bxe4 Nd7 13. Bg5 Be7 14. Bxe7 Qxe7 15.
Re1 Qd6 16. Ne5 Nf6 17. Bf3 Rad8 18. Qa4 Qxd4 19. Qxa7 Ba8 20. Rad1 Qxb2 21. Rxd8 Rxd8 22. Qxf7+ Kh8 23. Qe6 Rf8 24. Nf7+ Kg8 25. Ng5+ Kh8 26. Qe7 Rb8 27. Qc7 Rf8 28. Ne6 Rg8 29. Nd8 Rf8 30. Qe7 1-0

[Event "Late-Titled-Tuesday-Blitz-May-07-2024"]
[Site "Chess.com"]
[Date "2024.05.07"]
[Round "6"]
[White "ChessWarrior7197"]
[Black "deathadder96"]
[Result "1-0"]
[WhiteElo "3139"]
[BlackElo "2851"]
[TimeControl "180+1"]
[EndTime "15:06:25 PDT"]
[Termination "ChessWarrior7197 won by checkmate"]

1. e4 e6 2. d4 d5 3. e5 c5 4.
Nf3 Nc6 5. Bd3 Bd7 6. O-O cxd4 7. Nbd2 Nge7 8. Nb3 Nf5 9. Bxf5 exf5 10. Nbxd4 Be7 11. Qd3 Nxd4 12. Nxd4 Qc8 13. Qg3 g5 14. Bd2 Qc4 15. e6 fxe6 16. Qe5 Kf7 17. Nf3 Rhg8 18. Rfe1 g4 19. Nd4 Rg6 20. Nxf5 Bf8 21. Nd6+ Bxd6 22. Qxd6 Qc6 23. Qf4+ Kg8 24. Bc3 Rf8 25. Qe5 Kf7 26.
Rad1 Rc8 27. Rd4 Rcg8 28. Qh5 Ke8 29. Rxd5 Kd8 30. Rc5 Qd6 31. Qh4+ Ke8 32. Bb4 Bc6 33. Rxc6 Qxb4 34. Rcxe6+ Rxe6 35. Rxe6+ Kd7 36. Re3 Qxb2 37. Qxh7+ Rg7 38. Qf5+ Kc7 39. Qc5+ Kd7 40. Rd3+ Ke8 41. Qc8+ Kf7 42. Qf5+ Ke8 43. Qe6+ Re7 44. Qg8# 1-0

[Event "Late-Titled-Tuesday-Blitz-May-07-2024"]
[Site "Chess.com"]
[Date "2024.05.07"]
[Round "6"]
[White "Naoki"]
[Black "AsaHoffmann"]
[Result "1-0"]
[WhiteElo "2583"]
[BlackElo "2418"]
[TimeControl "180+1"]
[EndTime "15:06:26 PDT"]
[Termination "Naoki won on time"]

1. d4 Nf6 2. Nc3 d6 3. e4 c6 4. a4 Qa5 5. Bd3 e5 6. Ne2 Be7 7. O-O O-O 8. h3 Nbd7 9. Be3 Re8 10. Re1 Bf8 11. Qd2 Qc7 12. f4 a5 13. Rad1 b6 14.
Rf1 Ba6 15. g4 Bxd3 16. cxd3 h6 17. Ng3 Nh7 18. Qf2 exd4 19. Bxd4 Nc5 20. e5 dxe5 21.
Bxe5 Bd6 22. d4 Bxe5 23. fxe5 Ne6 24. Nce4 Rad8 25. h4 c5 26. Nd6 Rxd6 27. exd6 Qd7 28.
dxc5 Nxc5 29. Nf5 Nf6 30. g5 Nfe4 31. Qf4 h5 32. Ne7+ Rxe7 33. dxe7 Qxe7 34. Rd5 g6 35. Re5 Qd7 36. Rxe4 Nxe4 37. Qxe4 Qh3 38. Qe8+ 1-0

[Event "Late-Titled-Tuesday-Blitz-May-07-2024"]
[Site "Chess.com"]
[Date "2024.05.07"]
[Round "6"]
[White "ozates"]
[Black "maximnovik"]
[Result "0-1"]
[WhiteElo "2639"]
[BlackElo "2487"]
[TimeControl "180+1"]
[EndTime "15:06:27 PDT"]
[Termination "maximnovik won by resignation"]

1. e4 e5 2. Nf3 Nc6 3. Bc4 Nf6 4. d3 Bc5 5. O-O d6 6. c3 a6 7. a4 Ba7 8. Nbd2 O-O 9. h3 h6 10. Re1 Nh5 11. Nxe5 Qh4 12. Ng6 Qxf2+ 13. Kh1 Bxh3 14.
Rg1 Qxg1+ 15. Qxg1 Bxg1 16. Kxg1 Be6 17. Nxf8 Rxf8 18.
d4 Bxc4 19. Nxc4 Re8 20. Nd2 Nf6 21. Ra3 Nxe4 22. Nxe4 Rxe4 23. Kf2 f5 24. Rb3 b6 25. Ra3 Kf7 26. Bd2 Ne7 27. a5 b5 28. Ra1 Nd5 29.
Rf1 g5 30. Kg3 Kg6 31. Kf2 Rg4 32.
Re1 Kf7 33. Rh1 Kg6 34. Re1 Re4 35. Rc1 Nf6 36. c4 Rxd4 37. cxb5 Rxd2+ 38. Ke3 Rxb2 39. bxa6 Ra2 40. Rxc7 Rxa5 41. Ra7 h5 42. Ra8 h4 43. a7 Kg7 44. Kd4 g4 45. Ke3 Nd5+ 46. Kd4 Nf6 47. Ke3 Ra4 48. Kf2 f4 49. Ke2 Ra2+ 50. Kd3 h3 51.
gxh3 gxh3 0-1

[Event "Late-Titled-Tuesday-Blitz-May-07-2024"]
[Site "Chess.com"]
[Date "2024.05.07"]
[Round "6"]
[White "GrotBchess"]
[Black "Godzillator"]
[Result "1-0"]
[WhiteElo "2519"]
[BlackElo "2346"]
[TimeControl "180+1"]
[EndTime "15:06:28 PDT"]
[Termination "GrotBchess won by resignation"]

1. e4 d5 2. exd5 Qxd5 3. Nf3 c6 4. d4 Nf6 5. c3 Bg4 6. Be2 e6 7. h3 Bh5 8. Nbd2 Be7 9. Nc4 O-O 10. Bf4 Bxf3 11.
gxf3 Nh5 12. Be3 Bg5 13. Ne5 Bxe3 14. fxe3 Ng3 15. Rg1 Nxe2 16. Qxe2 f6 17. Qg2 g5 18.
Nd3 Kh8 19. h4 Rg8 20. Nf4 Qc4 21. hxg5 Rxg5 22. Qh2 Rxg1+ 23. Qxg1 Nd7 24. Kd2 Rg8 25. Qh2 e5 26. Nh5 exd4 27. exd4 Qb5 28. b4 Nb6 29.
Rh1 Nc4+ 30. Kc2 Qf5+ 31. Kb3 Rf8 32. Kxc4 Qd5+ 33. Kd3 Qxf3+ 34. Kc2 a5 35. Nf4 Qe4+ 36.
Kb2 axb4 37. Ne2 Re8 38. Ka1 bxc3 39. Nxc3 Qd3 40. Qb2 b5 41. Rd1 Qc4 42. d5 b4 43.
Nb1 Re2 44. Qxf6+ Kg8 45. Rg1+ 1-0

[Event "Late-Titled-Tuesday-Blitz-May-07-2024"]
[Site "Chess.com"]
[Date "2024.05.07"]
[Round "6"]
[White "ahmedkandiliii"]
[Black "bancsoo"]
[Result "0-1"]
[WhiteElo "2656"]
[BlackElo "2870"]
[TimeControl "180+1"]
[EndTime "15:06:29 PDT"]
[Termination "bancsoo won by resignation"]

1. e4 e5 2. Nf3 Nc6 3. Nc3 Nf6 4. Bb5 Bc5 5. Bxc6 dxc6 6. O-O Nd7 7. d3 f6 8. Be3 Bd6 9. h3 Nf8 10. d4 exd4 11. Nxd4 Ng6 12. Qf3 O-O 13. Rad1 Qe8 14.
Qe2 Qf7 15. f4 Re8 16. Qf3 f5 17. e5 Bb4 18. Nb3 Bxc3 19. bxc3 Be6 20. Rd2 Bd5 21.
Qf2 b6 22. Rfd1 Nf8 23. Qe2 Ne6 24. c4 Be4 25. Rd7 Re7 26. R7d2 c5 27. Kh2 h6 28. Qf2 Kh7 29. Rg1 Rg8 30. g4 g5 31. fxg5 f4 32.
Qh4 Nxg5 33. Rf2 fxe3 34. Rxf7+ Rxf7 35. Qh5 Bg6 36. Qh4 Nf3+ 37. Kg3 Nxh4 38. Kxh4 Bxc2 39. e6 Re7 40. Re1 Bxb3 41. Re2 0-1

[Event "Late-Titled-Tuesday-Blitz-May-07-2024"]
[Site "Chess.com"]
[Date "2024.05.07"]
[Round "6"]
[White "finec2"]
[Black "Akhayan"]
[Result "0-1"]
[WhiteElo "2278"]
[BlackElo "2418"]
[TimeControl "180+1"]
[EndTime "15:06:33 PDT"]
[Termination "Akhayan won on time"]

1. e4 e5 2. Nf3 Nc6 3. Bc4 Nf6 4. d3 Bc5 5. c3 O-O 6. O-O d5 7. exd5 Nxd5 8. Re1 Nb6 9. Bb5 Bg4 10. h3 Bh5 11. g4 Bg6 12. Bxc6 bxc6 13. Nxe5 Bd6 14. Bf4 Qf6 15. Bg3 Rae8 16. d4 Nd5 17. Nd2 Nf4 18. Kh2 Nd3 19. Nxd3 Bxd3 20. Qf3 Qg6 21. Nf1 Be4 22. Qd1 Qf6 23. Qd2 Qf3 24. Ne3 h5 25.
Qe2 Qf6 26. gxh5 Re7 27. Ng4 Qg5 28. Qe3 Qxh5 29. Qd2 Rfe8 30. Re3 Qf5 31. Rae1 Bd5 32. Rxe7 Rxe7 33. Rxe7 Bxe7 34. Qf4 Qe6 35. Qxc7 Qe4 0-1

[Event "Late-Titled-Tuesday-Blitz-May-07-2024"]
[Site "Chess.com"]
[Date "2024.05.07"]
[Round "6"]
[White "mbojan"]
[Black "chenxiaoyuer"]
[Result "0-1"]
[WhiteElo "2890"]
[BlackElo "2795"]
[TimeControl "180+1"]
[EndTime "15:06:34 PDT"]
[Termination "chenxiaoyuer won by checkmate"]

1. e4 c5 2. Nf3 d6 3. d4 cxd4 4. Nxd4 Nf6 5. Nc3 Nc6 6. Bg5 e6 7. Qd2 Qb6 8. Nb3 Be7 9. O-O-O O-O 10. f3 Rd8 11. Be3 Qc7 12. Bd3 d5 13. exd5 Nxd5 14. Nxd5 Rxd5 15. Qe2 Nb4 16. Kb1 a5 17. a3 a4 18. Nc1 Nxd3 19. Rxd3 Rxd3 20. Nxd3 Bd7 21. Bf4 Qc4 22. Rd1 Bc6 23. Be3 Bd5 24. Nc1 Qc7 25. Na2 Bc4 26. Qf2 Rd8 27. Rxd8+ Qxd8 28. Nc1 Bf6 29.
h3 Qd5 30. c3 Qd1 31. h4 h5 32. g3 Bd5 33. f4 Be4+ 34. Ka1 Bf5 35. Qd2 Qf3 36.
Qf2 Qe4 37. Nd3 Qxd3 38. Qe1 Bg4 39. Bf2 Qd1+ 40. Qxd1 Bxd1 41. Kb1 Kh7 42. Kc1 Bb3 43. Kd2 Kg6 44. Ke3 Kf5 45. Kf3 e5 46. fxe5 Bxe5 47. Be3 f6 48. Bc5 g5 49. hxg5 fxg5 50. Be7 Bd5+ 51.
Kf2 Kg4 52. Ke3 Bxg3 53. Kd4 Bc6 54. Kc4 Kf3 55. b4 axb3 56. Kxb3 g4 57. a4 h4 58. Bxh4 Bxh4 59. Kb4 Bd8 60. Kc5 Ba5 61. c4 g3 62.
Kd6 g2 63. Kc5 g1=Q+ 64. Kd6 Qd4+ 65. Ke6 Qd7+ 66. Ke5 Bc3# 0-1

[Event "Late-Titled-Tuesday-Blitz-May-07-2024"]
[Site "Chess.com"]
[Date "2024.05.07"]
[Round "6"]
[White "banjadvorovi"]
[Black "kemelgallo"]
[Result "0-1"]
[WhiteElo "2476"]
[BlackElo "2663"]
[TimeControl "180+1"]
[EndTime "15:06:35 PDT"]
[Termination "kemelgallo won by checkmate"]

1. e4 c5 2. Nc3 Nc6 3. g3 g6 4.
Bg2 Bg7 5. Nge2 d6 6. O-O Nf6 7. d3 O-O 8. h3 Rb8 9. f4 Bd7 10.
g4 b5 11. f5 b4 12. Nb1 a5 13. Nd2 Ne5 14. Nf3 Nxf3+ 15. Bxf3 Qc7 16. g5 Ne8 17. Bg4 Bc6 18. h4 d5 19. Bf4 Be5 20. fxg6 hxg6 21.
exd5 Bxd5 22. Qd2 Ng7 23. Rae1 Rbd8 24. Qe3 Bxf4 25. Nxf4 e6 26. h5 gxh5 27. Nxh5 Nxh5 28. Bxh5 Bb7 29. g6 Rd5 30. gxf7+ Kg7 31. Bg4 Rxf7 32. Rxf7+ Qxf7 33. Qxe6 Rg5 34. Kh2 Qf2+ 35. Kh3 Bg2+ 36. Kh2 Bf1+ 37. Kh1 Qg2# 0-1

[Event "Late-Titled-Tuesday-Blitz-May-07-2024"]
[Site "Chess.com"]
[Date "2024.05.07"]
[Round "6"]
[White "NelsonLinda"]
[Black "Iuckyducky"]
[Result "1-0"]
[WhiteElo "2622"]
[BlackElo "2274"]
[TimeControl "180+1"]
[EndTime "15:06:35 PDT"]
[Termination "NelsonLinda won by checkmate"]

1. d4 Nf6 2. Nf3 e6 3. c4 b6 4. e3 Bb7 5. Bd3 Be7 6. O-O O-O 7. b3 d5 8. Nc3 Nbd7 9. Bb2 Ne4 10. Nd2 f5 11. f3 Nxc3 12. Bxc3 Nf6 13. Qe2 c5 14. Rad1 Qc7 15. Bb2 a5 16. cxd5 Nxd5 17. Nc4 a4 18. Bb1 b5 19. Ne5 axb3 20. axb3 b4 21. Kh1 Bg5 22. Nc4 Ba6 23. f4 Bf6 24. Rfe1 cxd4 25.
Bxd4 Nc3 26. Bxc3 Bxc3 27. Rf1 Kh8 28. e4 Bxc4 29. bxc4 Ra1 30. exf5 exf5 31. Qe6 g6 32. h3 Qf7 33. Qc6 Qf6 34. Rd6 Qf7 35. Rd7 Qf6 36. Qc7 Qh4 37. Qd6 Ra3 38. Qxf8# 1-0

[Event "Late-Titled-Tuesday-Blitz-May-07-2024"]
[Site "Chess.com"]
[Date "2024.05.07"]
[Round "6"]
[White "Bala-Afiada"]
[Black "Mariia89"]
[Result "0-1"]
[WhiteElo "2007"]
[BlackElo "2221"]
[TimeControl "180+1"]
[EndTime "15:06:35 PDT"]
[Termination "Mariia89 won on time"]

1. d4 Nf6 2. c4 c5 3. d5 b5 4. cxb5 a6 5. b6 d6 6. Nc3 Qxb6 7. Nf3 g6 8. e4 Bg7 9. Nd2 O-O 10. Nc4 Qc7 11.
Be2 Nbd7 12. O-O Nb6 13. Ne3 Bb7 14. Rb1 Nfd7 15. a4 a5 16. Nb5 Qc8 17. Qc2 Ba6 18.
Bd2 Bxb5 19. Bxb5 Qc7 20. Bc3 Ne5 21. f4 Ned7 22. Bxg7 Kxg7 23. Qc3+ Kg8 24. Ng4 h5 25. Nf2 c4 26. Nh3 Qc5+ 27. Kh1 Qb4 28. Rf3 Nc5 29.
e5 Nxd5 30. Qd4 Nb6 31. exd6 exd6 32. f5 c3 33. Qf6 Ne4 34. Qh4 Nd2 35. Bd3 Qxh4 36.
fxg6 fxg6 0-1

[Event "Late-Titled-Tuesday-Blitz-May-07-2024"]
[Site "Chess.com"]
[Date "2024.05.07"]
[Round "6"]
[White "Revan_2002"]
[Black "Iball95"]
[Result "0-1"]
[WhiteElo "2734"]
[BlackElo "2901"]
[TimeControl "180+1"]
[EndTime "15:06:36 PDT"]
[Termination "Iball95 won by resignation"]

1. Nf3 d5 2. g3 Nf6 3. Bg2 c5 4. O-O Nc6 5. d3 g6 6. Nbd2 Bg7 7. e4 O-O 8. Re1 e6 9. c3 a5 10. exd5 exd5 11. Nf1 h6 12. h3 a4 13. a3 Qb6 14.
Ne3 Na5 15. Rb1 Nb3 16. Nd2 Nxc1 17. Qxc1 Be6 18. c4 dxc4 19. Ndxc4 Qa6 20. Qc2 Rac8 21. f4 Rfd8 22. g4 b5 23. Ne5 Nd5 24. Qf2 Qd6 25.
Nxd5 Bxd5 26. Re2 Bxg2 27. Qxg2 Bxe5 28. fxe5 Qxd3 29. Rbe1 Re8 30. e6 Rxe6 31. Rxe6 fxe6 32.
Rxe6 Rf8 33. Re2 b4 34. axb4 cxb4 35. Qe4 Qxe4 36. Rxe4 Rb8 37. Kf2 Kf7 38. Rd4 Ke6 39. Ke3 a3 40. bxa3 bxa3 41. Ra4 Rb3+ 42. Kf4 Rxh3 43.
Ra6+ Kf7 44. Ra7+ Ke8 45. Ra6 g5+ 46. Kf5 Kd7 47. Kg6 Kc7 48. Ra8 Kb6 49. Ra4 Kb5 50.
Ra8 Kb4 51. Rb8+ Kc3 52. Ra8 Kb2 53. Rb8+ Rb3 54. Ra8 Rb6+ 55. Kh5 Rb5 56. Kxh6 a2 0-1

[Event "Late-Titled-Tuesday-Blitz-May-07-2024"]
[Site "Chess.com"]
[Date "2024.05.07"]
[Round "6"]
[White "semchik90"]
[Black "jk13"]
[Result "1-0"]
[WhiteElo "2452"]
[BlackElo "2618"]
[TimeControl "180+1"]
[EndTime "15:06:37 PDT"]
[Termination "semchik90 won by checkmate"]

1. Nf3 d5 2. c4 e6 3. d4 Nf6 4. Nc3 c6 5. e3 Nbd7 6. Bd3 dxc4 7. Bxc4 b5 8. Bd3 Bd6 9. O-O O-O 10. e4 e5 11. Bg5 h6 12. Bh4 Re8 13. d5 cxd5 14. Nxd5 a6 15. Rc1 Bb7 16. Nxf6+ Nxf6 17. Qe2 Qe7 18.
Rfd1 Qe6 19. a4 bxa4 20. Bc4 Qe7 21. Bd5 Bxd5 22. exd5 Rf8 23. Rc6 a5 24. Nd2 g5 25.
Bg3 Rfb8 26. Nc4 Rd8 27. Nxd6 Rxd6 28. Rxd6 Qxd6 29. Bxe5 Re8 30. Bxd6 Rxe2 31. Kf1 Rxb2 32. Be5 Rb6 33. Bxf6 Rd6 34. Be5 Rd7 35. d6 Kh7 36. Ra1 f6 37. Bg3 f5 38. Be5 Kg6 39. Rxa4 f4 40.
Rxa5 Kf5 41. f3 Ke6 42. g3 Rb7 43. gxf4 gxf4 44. Bxf4 Rf7 45. Bxh6 Rxf3+ 46. Kg2 Rf6 47. Bg5 Rg6 48. h4 Kxd6 49. Kg3 Ke6 50. Kg4 Rg8 51. Ra6+ Kf7 52. Ra7+ Kg6 53. h5# 1-0

[Event "Late-Titled-Tuesday-Blitz-May-07-2024"]
[Site "Chess.com"]
[Date "2024.05.07"]
[Round "6"]
[White "albayo"]
[Black "Hilary46"]
[Result "1-0"]
[WhiteElo "2446"]
[BlackElo "2698"]
[TimeControl "180+1"]
[EndTime "15:06:37 PDT"]
[Termination "albayo won by checkmate"]

1. e4 e5 2. Nf3 Nc6 3. Bc4 Bc5 4. c3 Nf6 5. d3 d6 6. Nbd2 O-O 7. Nf1 Rb8 8. Ng3 b5 9. Bb3 a5 10. Bc2 b4 11. O-O bxc3 12. bxc3 h6 13. Re1 Ng4 14.
Re2 f5 15. h3 f4 16. Nf5 Bxf5 17. exf5 Nxf2 18. Rxf2 Bxf2+ 19. Kxf2 Rxf5 20. d4 Rf8 21. dxe5 Nxe5 22. Nxe5 dxe5 23. Ba3 Qh4+ 24. Kg1 Rfd8 25. Qf3 Rd2 26. Bb3+ Kh8 27. Rd1 e4 28. Qxe4 Qf2+ 29. Kh2 Qg3+ 30. Kh1 Rxb3 31. Rxd2 Rb8 32. Rd1 Qxc3 33.
Bc1 f3 34. Qxf3 Qxf3 35. gxf3 Rb1 36. Kg2 Ra1 37. a3 a4 38. Kg3 Kh7 39. Kf4 Kg6 40. Ke3 Kh5 41. Rd5+ Kh4 42. Rc5 Kxh3 43. Rxc7 g5 44.
Bb2 Rb1 45. Bg7 h5 46. Rc5 Rb3+ 47. Rc3 g4 48. fxg4 hxg4 49. Rxb3 axb3 50. Kf2 g3+ 51.
Kg1 Kg4 52. a4 Kf5 53. a5 Kg6 54. Bb2 Kf5 55. a6 Ke4 56. a7 Kd3 57. a8=Q Kc2 58. Qg2+ Kb1 59. Bc3 b2 60. Qxb2# 1-0

[Event "Late-Titled-Tuesday-Blitz-May-07-2024"]
[Site "Chess.com"]
[Date "2024.05.07"]
[Round "6"]
[White "nindjaxx8"]
[Black "sudtirolese06"]
[Result "1-0"]
[WhiteElo "2641"]
[BlackElo "2455"]
[TimeControl "180+1"]
[EndTime "15:06:40 PDT"]
[Termination "nindjaxx8 won by resignation"]

1. d4 g6 2. c4 Bg7 3. Nc3 d6 4. Nf3 Nf6 5. Bf4 O-O 6. e3 Nbd7 7. Be2 Re8 8. O-O e5 9. dxe5 dxe5 10. Nxe5 Qe7 11.
Nxd7 Bxd7 12. Bf3 c6 13. Qb3 Be6 14. Qa4 Nd7 15. Be2 h5 16. h3 Nb6 17. Qb3 Rad8 18. Rad1 Qc5 19. Ne4 Qa5 20. Nd6 Rxd6 21. Bxd6 h4 22.
Kh1 Qf5 23. Bg4 Qe4 24. Bxe6 Rxe6 25. Bc5 Qxc4 26. Bxb6 Qxb3 27. axb3 axb6 28. Rd8+ Kh7 29. Rd7 Kg8 30. Rfd1 Bxb2 31. Rxb7 b5 32. Rdd7 Rf6 33. Kg1 Bc3 34. Rb8+ Kg7 35. Rdd8 Re6 36. Kf1 Bf6 37. Rd7 Be5 38. Rbb7 Rf6 39. f4 g5 40. Ke2 gxf4 41. e4 Kg6 42. Kf3 Bd4 43. Rxd4 c5 44. Rd5 Rc6 45.
Rxb5 c4 46. Rbc5 Rb6 47. bxc4 Rb3+ 48. Kxf4 Rg3 49. Rg5+ 1-0

[Event "Late-Titled-Tuesday-Blitz-May-07-2024"]
[Site "Chess.com"]
[Date "2024.05.07"]
[Round "6"]
[White "cristianserban1"]
[Black "giomar27"]
[Result "1-0"]
[WhiteElo "2637"]
[BlackElo "2469"]
[TimeControl "180+1"]
[EndTime "15:06:41 PDT"]
[Termination "cristianserban1 won by checkmate"]

1. Nf3 c5 2. e3 b6 3. b3 Bb7 4.
Bb2 e6 5. Be2 Nf6 6. O-O Be7 7.
d4 cxd4 8. Nxd4 O-O 9. Bf3 d5 10.
c4 Nbd7 11. Nd2 Ne5 12. Be2 Rc8 13. Nxe6 fxe6 14. Bxe5 Qe8 15. cxd5 Nxd5 16. Bf3 Qg6 17. Bg3 Rcd8 18. Rc1 Bb4 19. Qc2 Ba6 20. Qxg6 hxg6 21.
Nc4 Nc3 22. a3 Bxc4 23. bxc4 Ba5 24. Bg4 Kf7 25. Be5 Rd3 26. Bd4 Rd8 27. c5 bxc5 28. Bxc5 Rd2 29. Bb4 Bxb4 30. axb4 Nd5 31. Rb1 Nc3 32.
Rb3 Nd5 33. Bf3 Nb6 34. g3 Rc2 35. Ra1 Rd7 36. b5 Nc4 37. Bc6 Rc7 38. Rb4 Ne5 39.
Be4 g5 40. Bxc2 Rxc2 41. Rxa7+ Kf6 42. Ra1 g4 43. Rf4+ Kg5 44. b6 Rb2 45. Ra5 Kh5 46. Rxe5+ g5 47. Rf8 Kg6 48. Rxe6+ Kg7 49. Rff6 Kg8 50.
Kg2 Kg7 51. Rg6+ Kh7 52. Rxg5 Kh8 53. Rxg4 Kh7 54. Reg6 Kh8 55. Rh6# 1-0

[Event "Late-Titled-Tuesday-Blitz-May-07-2024"]
[Site "Chess.com"]
[Date "2024.05.07"]
[Round "6"]
[White "MyDream003"]
[Black "FairChess_on_YouTube"]
[Result "0-1"]
[WhiteElo "2832"]
[BlackElo "3075"]
[TimeControl "180+1"]
[EndTime "15:06:42 PDT"]
[Termination "FairChess_on_YouTube won on time"]

1. e4 c5 2. Nf3 Nc6 3. d4 cxd4 4. Nxd4 e6 5. Nc3 a6 6. Be2 Qc7 7. O-O Nf6 8. Be3 Be7 9. f4 d6 10.
Qe1 O-O 11. Qg3 Nxd4 12. Bxd4 b5 13. a3 Bb7 14. Bd3 Rad8 15. Rae1 Ne8 16. Kh1 Bf6 17. Bxf6 Nxf6 18. Qh4 Qc6 19. Re3 h6 20. Rg3 Kh8 21.
e5 Nh7 22. Ne4 dxe5 23. Qg4 g6 24. fxe5 Rd4 25. Re1 Ng5 26. Qh4 Kg7 27. Rxg5 hxg5 28. Qxg5 Qc7 29. Qf6+ Kg8 30. Ng5 Rg4 31. Rg1 Qd8 32.
Qxd8 Rxd8 33. Nf3 Bxf3 34. gxf3 Rxg1+ 35. Kxg1 Rd5 36. f4 Rd4 0-1

[Event "Late-Titled-Tuesday-Blitz-May-07-2024"]
[Site "Chess.com"]
[Date "2024.05.07"]
[Round "6"]
[White "WindWhistler11"]
[Black "maracayo"]
[Result "0-1"]
[WhiteElo "2524"]
[BlackElo "2382"]
[TimeControl "180+1"]
[EndTime "15:06:43 PDT"]
[Termination "maracayo won on time"]

1. Nf3 d6 2. g3 Nf6 3. Bg2 e5 4. d4 Nbd7 5. b3 Be7 6. dxe5 Nxe5 7. Bb2 Nxf3+ 8. exf3 O-O 9. O-O d5 10. f4 c6 11. Nd2 Bf5 12. h3 Bc5 13. g4 Bd7 14.
Nf3 Ne4 15. b4 Bb6 16. f5 f6 17. Qd3 Re8 18. Nd4 Nd6 19. Rae1 Nc4 20. Bc1 Qc7 21. h4 Ne5 22. Qd1 h5 23. gxh5 Bxd4 24. Qxd4 Bxf5 25.
h6 g6 26. Bf4 Qb6 27. Qc3 Kh7 28. Bxe5 fxe5 29. Rxe5 d4 30. Qg3 Rxe5 31. Qxe5 Kxh6 32. h5 Rf8 33. Qf4+ Kg7 34. h6+ Kh7 35. Re1 Qd8 36. Qe5 Rf7 0-1

[Event "Late-Titled-Tuesday-Blitz-May-07-2024"]
[Site "Chess.com"]
[Date "2024.05.07"]
[Round "6"]
[White "DominguezOnYoutube"]
[Black "MagnusCarlsen"]
[Result "1-0"]
[WhiteElo "3021"]
[BlackElo "3204"]
[TimeControl "180+1"]
[EndTime "15:06:44 PDT"]
[Termination "DominguezOnYoutube won on time"]

1. e4 a6 2. d4 e6 3. Bd3 d5 4. e5 Bd7 5. c3 Bb5 6. Bc2 c5 7.
a4 Bd7 8. Nf3 cxd4 9. Nxd4 Nc6 10. Nf3 f6 11. Bf4 fxe5 12. Nxe5 Qf6 13. Nxd7 Qxf4 14. g3 Qf7 15. Nxf8 Kxf8 16. O-O Nf6 17. Nd2 e5 18. b4 e4 19. Qe2 Re8 20. b5 axb5 21.
axb5 Ne5 22. f3 Qc7 23. Qe3 h5 24. b6 Qd6 25. fxe4 h4 26. exd5 Ng4 27. Qd4 hxg3 28.
Ne4 Rxe4 29. Bxe4 Kf7 30. Bg2 gxh2+ 31. Kh1 Kg6 32. Rf3 Re8 33. Raf1 Kg5 34. Rf5+ Kh4 35. c4 Re2 36. R5f3 Rc2 37. Rh3+ Kg5 38. Be4 1-0

[Event "Late-Titled-Tuesday-Blitz-May-07-2024"]
[Site "Chess.com"]
[Date "2024.05.07"]
[Round "6"]
[White "remyrushbrooke"]
[Black "Vincefm"]
[Result "0-1"]
[WhiteElo "2300"]
[BlackElo "2499"]
[TimeControl "180+1"]
[EndTime "15:06:45 PDT"]
[Termination "Vincefm won by checkmate"]

1. d4 Nf6 2. Nc3 d5 3. Bg5 g6 4.
e3 Bg7 5. Nf3 O-O 6. Bd3 b6 7. O-O Bb7 8. Ne5 c5 9. f4 Ne4 10. Nxe4 dxe4 11. Bc4 cxd4 12. exd4 Bd5 13. Bxd5 Qxd5 14. Bxe7 Re8 15. c4 Qb7 16. Bh4 Nc6 17.
Nxc6 Qxc6 18. b3 e3 19. Qd3 Qe4 20. Rfd1 e2 21. Rd2 Qxf4 22. Bf2 Rad8 23. Re1 Re4 24. d5 Rde8 25. g3 Qg4 26. Rc2 Bh6 27. Kg2 Be3 28. h3 Qh5 29. Rcxe2 Bxf2 30. Rxe4 Rxe4 31. Rxe4 Bc5 32. Re8+ Kg7 33. d6 Qg5 34. Re2 Qc1 35. d7 Qg1+ 36. Kf3 Qh1+ 37. Kf4 g5+ 38. Kg4 h6 39.
Qc3+ Kg6 40. d8=Q f5# 0-1

[Event "Late-Titled-Tuesday-Blitz-May-07-2024"]
[Site "Chess.com"]
[Date "2024.05.07"]
[Round "6"]
[White "JaackCamel"]
[Black "Matalon"]
[Result "1-0"]
[WhiteElo "2220"]
[BlackElo "2380"]
[TimeControl "180+1"]
[EndTime "15:06:45 PDT"]
[Termination "JaackCamel won by checkmate"]

1. d4 Nf6 2. c4 d6 3. Nf3 g6 4.
Nc3 Bg7 5. e4 O-O 6. Be2 Bg4 7. Be3 Nfd7 8. Nd2 e5 9. d5 Bxe2 10.
Qxe2 f5 11. f3 Bh6 12. O-O-O Bxe3 13. Qxe3 c5 14. Rdf1 f4 15. Qe1 Na6 16. a3 Nc7 17. h4 b5 18. h5 b4 19. Ncb1 g5 20. h6 Rb8 21. a4 b3 22. Nc3 Nb6 23. Nb5 Nxa4 24.
Nxa7 Rb6 25. Nc6 Qa8 26. Rh5 Nxb2 27. Rxg5+ Kh8 28. Qe2 Qa1+ 29. Nb1 Na4 30. Kd2 Rxc6 31. dxc6 Ne6 32. Rg7 Nd4 33. Qd3 Qb2+ 34. Ke1 Qc2 35. Qd1 Qxg2 36. Rxg2 b2 37. Qxa4 Ne6 38. Rfg1 Rb8 39.
Qa7 Rc8 40. Qd7 Ng5 41. Qe7 Nxf3+ 42. Kf2 Ng5 43. Rxg5 Rc7 44. Rg8# 1-0